 Dungeon Crawl Stone Soup version 0.31.0-11-ge490571c62 (webtiles) character file.

Game seed: 931617363574336148

2720 jasper the Sneak (level 9, -7/78 HPs)
             Began as an Armataur Berserker on Feb 5, 2024.
             Was a Priest of Trog.
             Mangled by an orc knight
             ... wielding a +0 halberd
              (13 damage)
             ... in a bailey.
             The game lasted 00:13:14 (7233 turns).

jasper the Sneak (Armataur Berserker)               Turns: 7233, Time: 00:13:15

Health: -7/78      AC: 15    Str: 23    XL:     9   Next: 39%
Magic:  9/9        EV:  8    Int:  8    God:    Trog [***...]
Gold:   320        SH:  0    Dex: 13    Spells: 8/8 levels left

rFire   + .          .
                       - Unarmed
rCold   . . .        (no shield)
rNeg    . . .        e - +1 ring mail
rPois   +            (no helmet)
rElec   .            m - +2 cloak {rPois}
rCorr   +            (no gloves)
SInv    +            r - +1 barding {rF+}
Will    ++...        (no amulet)
Stlth   +++          c - ring of see invisible
HPRegen 5.88/turn    l - ring of resist corrosion
MPRegen 2.42/turn

%: roll
@: strong-willed, on berserk cooldown, regenerating, slowed, very slow
A: large, deformed body, tough skin 3, armoured tail, roll 2
a: Renounce Religion, Berserk, Trog's Hand


You were in a bailey.
You worshipped Trog.
Trog was most pleased with you.
You visited 1 branch of the dungeon, and saw 7 of its levels.
You also visited: Bailey.

You collected 356 gold pieces.
You spent 36 gold pieces at shops.

Inventory:

Missiles
 f - 37 stones (quivered)
 g - 23 poisoned darts
 p - 7 boomerangs
 q - 2 throwing nets
Armour
 a - a +0 animal skin
 e - a +1 ring mail (worn)
 m - a +2 cloak of poison resistance (worn)
 r - a +1 barding of fire resistance (worn)
Jewellery
 c - a ring of see invisible (left hand)
 l - a ring of resist corrosion (right hand)
Wands
 s - a wand of mindburst (27)
 u - a wand of charming (6)
 y - a wand of polymorph (8)
Scrolls
 h - 2 scrolls of teleportation
 v - a scroll of fog
Potions
 b - 2 potions of lignification {unknown}
 d - 2 potions of attraction
 i - 2 potions of brilliance
 j - 2 potions of curing
 k - a potion of might {unknown}
 n - 2 potions of degeneration
 o - a potion of heal wounds {unknown}
 w - a potion of haste {unknown}
 x - a potion of ambrosia {unknown}


   Skills:
 + Level 6.5 Fighting
 - Level 2.4 Armour
 + Level 5.1 Dodging
 + Level 7.3 Stealth
 + Level 6.5 Unarmed Combat


You had 8 spell levels left.
You didn't know any spells.
Your spell library was empty.

Dungeon Overview and Level Annotations

Branches:
Dungeon (7/15)             Temple (0/1) D:7          Bailey (1/1)

Altars:
Cheibriados
Elyvilon
Hepliaklqana
Nemelex Xobeh
Sif Muna
Uskayaw
Yredelemnul

Shops:
D:1 *   D:5 *


Innate Abilities, Weirdness & Mutations

Armour fits poorly on your strangely shaped body.
You have extremely tough skin. (AC +3)
You have a long armoured tail.
You regenerate magic and health when rolling toward enemies. (Rampage Regen)


Message History

The orc knight hits you from afar with a +0 halberd.
You roll towards the orc knight!
You hit the orc knight.
The orc knight is moderately wounded.
The orc knight barely misses you.
The orc knight roars a battlecry!
The orc goes into a battle-frenzy!
The orc knight hits you but does no damage.
The orc hits you but does no damage.
You roll towards the orc knight!
You closely miss the orc knight.
The orc knight is moderately wounded.
The orc knight hits you with a +0 halberd.
The orc hits you from afar with a +0 spear.
The orc knight hits you with a +0 halberd!!
You roll towards the orc!
You punch the orc!
You kill the orc!
Trog accepts your kill.
The orc knight hits you with a +0 halberd.
The orc knight hits you from afar with a +0 halberd!!
You roll towards the orc knight!
You punch the orc knight! You tail-slap the orc knight.
The orc knight is heavily wounded.
The orc knight hits you with a +0 halberd.
The orc knight hits you with a +0 halberd!
The orc knight barely misses you.
You roll towards the orc knight!
You hit the orc knight but do no damage.
The orc knight is heavily wounded.
The orc knight hits you with a +0 halberd.
Your skin crawls.
You feel strong-willed.
The orc knight hits you with a +0 halberd! x2
* * * LOW HITPOINT WARNING * * *
The orc knight hits you from afar with a +0 halberd!
* * * LOW HITPOINT WARNING * * *
You roll towards the orc knight!
You closely miss the orc knight.
The orc knight is heavily wounded.
The orc knight hits you with a +0 halberd!
* * * LOW HITPOINT WARNING * * *
The orc knight hits you with a +0 halberd!
You die...

#..........##
............###
.♣............♣♣
.♣♣.......♣.♣..♣#
..............≈≈#
..#....#....≈≈≈# .
≈≈#....#≈≈≈≈≈≈≈#
≈≈≈ #o...#≈≈≈≈≈≈≈#
≈≈≈≈ #$@).#≈≈≈≈≈≈≈#
≈≈≈≈≈#.).)#≈≈≈≈≈♣♣#
≈≈...#..).#...♣♣♣
............♣...
........).......
####...(....####
####''####
..............#
#...8....8...##


You could see an orc knight.

Vanquished Creatures
  Pikel (D:6)
  Grinder (D:6)
  Edmund (D:5)
  Menkaure (D:6)
  3 orc warriors (Bailey)
  2 ice beasts
  An ogre (D:6)
  A phantom (D:5)
  4 lemures (D:6)
  A kobold brigand (D:4)
  A scorpion (D:6)
  4 wights (D:7)
  A howler monkey (D:6)
  7 hounds
  A jelly (D:6)
  An orc priest (D:4)
  Crazy Yiuf (D:3)
  6 iguanas
  2 sleepcaps
  Natasha (twice) (D:3)
  An orc wizard (D:7)
  10 adders
  2 ufetubi (D:6)
  4 dart slugs
  A ribbon worm (D:3)
  40 orcs
  3 endoplasms
  5 giant cockroaches
  8 hobgoblins
  2 jackals (D:1)
  3 quokkas
  5 ball pythons
  10 bats
  5 frilled lizards
  6 goblins
  7 kobolds
  11 rats
165 creatures vanquished.

Notes
Turn   | Place    | Note
-------+----------+-------------------------------------------
     0 | D:1      | jasper the Armataur Berserker began the quest for the Orb.
     0 | D:1      | Reached XP level 1. HP: 18/18 MP: 1/1
   124 | D:1      | Reached XP level 2. HP: 25/25 MP: 2/2
   502 | D:1      | Found Plog's General Store.
   508 | D:1      | Bought a potion of curing for 36 gold pieces
   544 | D:1      | Reached XP level 3. HP: 31/31 MP: 3/3
   637 | D:2      | Reached ** piety under Trog
  1101 | D:2      | Reached skill level 1 in Stealth
  1412 | D:3      | Reached XP level 4. HP: 38/38 MP: 4/4
  1454 | D:3      | Noticed Natasha
  1467 | D:3      | Killed Natasha
  1759 | D:3      | Found a hazy altar of Hepliaklqana.
  1774 | D:3      | Found a runed translucent door.
  1775 | D:3      | Noticed Crazy Yiuf
  1858 | D:3      | Found a basalt altar of Yredelemnul.
  2027 | D:3      | Found a snail-covered altar of Cheibriados.
  2139 | D:3      | Reached skill level 2 in Stealth
  2152 | D:3      | Reached XP level 5. HP: 37/45 MP: 5/5
  2283 | D:3      | Noticed Natasha
  2302 | D:3      | Killed Natasha
  2661 | D:3      | Killed Crazy Yiuf
  2798 | D:4      | Reached XP level 6. HP: 27/52 MP: 6/6
  2963 | D:4      | Reached skill level 3 in Stealth
  3888 | D:5      | Entered Level 5 of the Dungeon
  3888 | D:5      | Noticed Edmund
  3899 | D:5      | Killed Edmund
  3900 | D:5      | Gained mutation: You regenerate magic and health when
                  | rolling toward enemies. (Rampage Regen) [Armataur growth]
  3900 | D:5      | Reached XP level 7. HP: 60/60 MP: 7/7
  4029 | D:5      | Found a sparkling altar of Nemelex Xobeh.
  4082 | D:5      | Found Foejiatt's Lightly-Used Armoury.
  4125 | D:5      | Reached *** piety under Trog
  4126 | D:5      | Reached skill level 4 in Stealth
  5262 | D:6      | Noticed Grinder
  5271 | D:6      | Paralysed by Grinder for 2 turns
  5274 | D:6      | Killed Grinder
  5275 | D:6      | Reached skill level 5 in Fighting
  5275 | D:6      | Reached skill level 5 in Stealth
  5275 | D:6      | Reached skill level 5 in Unarmed Combat
  5275 | D:6      | Reached XP level 8. HP: 68/68 MP: 8/8
  5701 | D:6      | Found a hide-covered altar of Uskayaw.
  5862 | D:6      | Noticed Menkaure
  5872 | D:6      | Killed Menkaure
  6015 | D:6      | Noticed Pikel
  6067 | D:6      | Killed Pikel
  6068 | D:6      | Reached skill level 6 in Stealth
  6068 | D:6      | Reached XP level 9. HP: 75/75 MP: 9/9
  6209 | D:6      | Found a shimmering blue altar of Sif Muna.
  6691 | D:7      | Found a staircase to the Ecumenical Temple.
  6890 | D:7      | Reached skill level 7 in Stealth
  7006 | D:7      | Identified a scroll of acquirement
  7006 | D:7      | Acquired a +1 barding of fire resistance
  7023 | D:7      | Found a white marble altar of Elyvilon.
  7042 | D:7      | Reached skill level 5 in Dodging
  7117 | D:7      | Found a flagged portal.
  7126 | Bailey   | Entered a bailey
  7204 | Bailey   | Noticed an orc knight
  7233 | Bailey   | Mangled by an orc knight

Illustrated notes

Levels and vault maps discovered:
D:1:      spicycebolla_green_bress_n_ham, layout_basic, serial_shops,
          nicolae_shop_peninsula, wander_ebering_terrifying_dragon_lair
D:2:      layout_basic, chequers_serial_rivers_large_b, grunt_decor_cap,
          minmay_pentomino_q4
D:3:      layout_loops_ring, mainiacjoe_overflow_alcove_1,
          yredelemnul_altar_generic, overflow_temple_1_default, serial_bayou,
          serial_bayou_pond_d, serial_bayou_lake_a, serial_bayou_shore_b,
          serial_bayou_pond_b, serial_bayou_pond_e, uniq_natasha,
          uniq_crazy_yiuf_cottage
D:4:      layout_basic, abandoned_shop, lexackson_kobold_supper
D:5:      layout_layer_cave, kennysheep_little_box, minmay_shop_damaged,
          uniq_edmund
D:6:      layout_loops_corners, nicolae_uskayaw_murder_on_the_dancefloor,
          lemuel_tele_altar, hangedman_glass_teeth, uniq_grinder, uniq_menkaure,
          uniq_pikel
D:7:      layout_basic, nicolae_elyvilon_temple_path,
          minmay_temple_entry_arrows, enter_bailey_2, kennysheep_pointless_box
Bailey:   bailey_polearm_elven_captive_hellmonk, bailey

Skill      XL: |  1  2  3  4  5  6  7  8  9 |
---------------+----------------------------+-----
Unarmed Combat | 3 4 5 6 |  6.5
Fighting       | 3 4 5 6 |  6.5
Dodging        | 2 3 4 5 |  5.1
Stealth        | 1 2 3 5 6 7 |  7.3
Armour         | |  2.4

Action                     |  1- 3 |  4- 6 |  7- 9 || total
---------------------------+-------+-------+-------++-------
  Melee: Unarmed           |   135 |   207 |   285 ||   627
         Tailslap          |    12 |    19 |    41 ||    72
         Punch             |     3 |     2 |    12 ||    17
  Throw: Stone             |       |       |     4 ||     4
         Dart              |       |       |     2 ||     2
         Throwing net      |       |       |     1 ||     1
 Invoke: Trog's Hand       |       |     1 |     3 ||     4
         Berserk           |       |     3 |     6 ||     9
    Use: Scroll            |     4 |     3 |     6 ||    13
   Stab: Sleeping          |       |     3 |     7 ||    10
 Armour: Animal skin       |    25 |       |       ||    25
         Ring mail         |    85 |   135 |   230 ||   450
  Dodge: Dodged            |    74 |    65 |   127 ||   266
